 Dungeon Crawl Stone Soup version 0.30-a0-996-ga6910c8ee8 (webtiles) character file.

Game seed: 13339425187315848738

51 jasper the Caller (level 3, -2/27 HPs)
             Began as a Merfolk Summoner on Apr 4, 2023.
             Slain by an orc
             ... wielding a +0 whip
              (3 damage)
             ... on level 2 of the Dungeon.
             The game lasted 00:02:52 (1327 turns).

jasper the Caller (Merfolk Summoner)                Turns: 1327, Time: 00:02:53

Health: -2/27      AC:  6    Str:  8    XL:     3   Next: 81%
Magic:  1/6        EV: 11    Int: 16    God:
Gold:   89         SH:  0    Dex: 14    Spells: 3/6 levels left

rFire   . . .      SeeInvis .    g - +0 whip
rCold   . . .      Faith    .    (no shield)
rNeg    . . .      Spirit   .    h - +0 ring mail
rPois   .          Reflect  .    (no helmet)
rElec   .          Rampage  .    j - +0 cloak
rCorr   .                        (no gloves)
Will    .....                    (no boots)
Stlth   +                        (no amulet)
HPRegen 0.24/turn                (no ring)
MPRegen 0.10/turn                (no ring)

@: no status effects
A: (nimble swimmer 2), mertail
a: no special abilities


You were on level 2 of the Dungeon.
You visited 1 branch of the dungeon, and saw 2 of its levels.

You collected 89 gold pieces.

Inventory:

Hand Weapons
 d - a +0 club
 g - a +0 whip (weapon)
Armour
 a - a +0 robe
 h - a +0 ring mail (worn)
 j - a +0 cloak (worn)
Magical Staves
 k - a staff of poison
Scrolls
 f - a scroll of identify {unknown}
 i - 2 scrolls of fog {unknown}
Potions
 b - a potion of magic
 c - 3 potions of resistance {unknown}
 e - a potion of haste {unknown}
 l - a potion of degeneration {unknown}


   Skills:
 + Level 1.7 Fighting
 + Level 1.0 Armour
 + Level 3.5 Dodging
 - Level 2.1 Stealth
 - Level 2.0 Spellcasting
 + Level 4.3 Summonings


You had 3 spell levels left.
You knew the following spells:

 Your Spells              Type           Power      Damage    Failure   Level
a - Summon Small Mammal   Summ           60%        N/A       11%         1
b - Call Imp              Summ           15%        N/A       16%         2

Your spell library contained the following spells:

 Spells                   Type           Power      Damage    Failure   Level
 Call Canine Familiar     Summ           15%        N/A       32%         3
 Summon Guardian Golem    Hex/Summ       8%         N/A       61%         3
 Summon Lightning Spire   Summ/Air       8%         N/A       95%         4


Dungeon Overview and Level Annotations

Branches:
Dungeon (2/15)

Altars:


Innate Abilities, Weirdness & Mutations

((You are very nimble when in or above water. (Stealth+, EV+, Speed+++)))
Your lower body shifts to a powerful aquatic tail in water.


Message History

The orc hits you with a +0 whip.
* * * LOW HITPOINT WARNING * * *
You take 1 damage, and have 7/27 hp.
The orc attacks as you move away! The orc barely misses you.
Casting: Call Imp (safe; 16% risk of failure)
Press: ? - help, Q - select action, (/) - cycle Dir - look around, f - activate A beastly little devil appears in a puff of flame.
Your crimson imp disappears in a puff of smoke!
The orc hits you with a +4 dagger.
* * * LOW HITPOINT WARNING * * *
The orc closely misses you.
You take 3 damage, and have 5/27 hp.
You now have 0/6 mp.
You hit the orc.
The orc is almost dead.
The orc hits you but does no damage. The orc misses you.
Your crimson imp blinks!
You barely miss the orc.
The orc is almost dead.
The orc barely misses you. The orc hits you with a +0 whip.
* * * LOW HITPOINT WARNING * * *
You take 1 damage, and have 4/27 hp.
Your crimson imp closely misses the orc.
You hit the orc.
You kill the orc!
Your crimson imp hits the orc.
Your Armour skill increases to level 1!
You hit the orc.
The orc is heavily wounded.
The orc hits you but does no damage.
Your crimson imp completely misses the orc.
You hit the orc but do no damage.
The orc is heavily wounded.
The orc hits you with a +0 whip.
* * * LOW HITPOINT WARNING * * *
Your crimson imp hits the orc but does no damage.
You take 4 damage, and have 1/27 hp.
You barely miss the orc.
The orc is heavily wounded.
The orc hits you with a +0 whip.
You die...

#.............# .
#.............# .#
#...[.>.#.#.).#
..##....†....##..#
......#
...#....<..####..#
.....$..#
.#...†.....####..#
.......#
.##..<.........<.#
.!.....# .
#........#.....##
....?..##
.##........####.@5#
#.......#
...........#
#..#o#####........
.......#####
#......>.........#
.......#
#.##.............#
......## #.
#...##........#
......# #.
###...5........
....)## ..
##...........
.....## .
##..<)########
......# ####..#)##


You could see an orc (ally target) and a friendly crimson imp (summoned).

Vanquished Creatures
  A worm (D:2)
  A dart slug (D:2)
  3 orcs (D:2)
  An endoplasm (D:2)
  2 giant cockroaches (D:1)
  A goblin (D:2)
  2 hobgoblins (D:1)
  A jackal (D:1)
  5 ball pythons
  A frilled lizard (D:1)
  A kobold (D:2)
  4 rats
23 creatures vanquished.

Vanquished Creatures (collateral kills)
  An orc (D:2)
  2 bats
  An endoplasm (D:2)
  2 goblins (D:1)
  A hobgoblin (D:2)
  A jackal (D:1)
  A kobold (D:1)
  A quokka (D:1)
  3 ball pythons
  A rat (D:2)
14 creatures vanquished.

Grand Total: 37 creatures vanquished

Notes
Turn   | Place    | Note
-------+----------+-------------------------------------------
     0 | D:1      | jasper the Merfolk Summoner began the quest for the Orb.
     0 | D:1      | Reached XP level 1. HP: 13/13 MP: 3/3
   226 | D:1      | Reached XP level 2. HP: 16/20 MP: 3/5
   389 | D:1      | Learned a level 2 spell: Call Imp
   535 | D:1      | Reached skill level 1 in Fighting
  1145 | D:2      | Reached XP level 3. HP: 21/26 MP: 3/6
  1325 | D:2      | Reached skill level 1 in Armour
  1326 | D:2      | HP: 1/27 [orc/+0 whip (4)]
  1327 | D:2      | Slain by an orc

Illustrated notes

Levels and vault maps discovered:
D:1:      co_arrival_square_in_a_square_in_a_square, layout_loops_ring,
          corexii_item_surrounded_by_moat, minivault_5, serial_bayou_crossing
D:2:      kennysheep_the_goblin_king, layout_rooms, basic_altar, serial_shops,
          nicolae_shop_behind_doors, kennysheep_cross_room, minivault_26

Skill      XL: |  1  2  3 |
---------------+----------+-----
Dodging        | 3 |  3.5
Fighting       | 1 |  1.7
Armour         | 1 |  1.0
Stealth        | |  2.1
Spellcasting   | |  2.0
Summonings     | |  4.3

Action                     || total
---------------------------++-------
  Melee: Club              ||    45
         Unarmed           ||     4
         Punch             ||     3
         Whip              ||    73
   Cast: Summon Small Mamm ||    10
         Call Imp          ||    11
   Stab: Sleeping          ||     1
 Armour: Robe              ||    17
         Ring mail         ||    25
  Dodge: Dodged            ||    98

Table legend: (Time is in decaauts)
 A = Elapsed time spent in this place.
 B = Non-inter-level travel time spent in this place.
 C = Inter-level travel time spent in this place.
 D = Time resting spent in this place.
 E = Time spent auto-exploring this place.
 F = Levels seen in this place.
 G = Mean time per level.
                   A        B        C        D        E       F      G
               +--------+--------+--------+--------+--------+-----+--------+
         Total |   1338 |   1287 |     51 |      0 |    848 |   2 |  669.0 |
       Dungeon |   1338 |   1287 |     51 |      0 |    848 |   2 |  669.0 |
               +--------+--------+--------+--------+--------+-----+--------+

Top non-repeatable levels by time:
     D:1: 1105 daAuts
     D:2: 232 daAuts
